 Dungeon Crawl Stone Soup version 0.31-a0-321-g19405a7a6a (webtiles) character file.

Game seed: 5074347712476614742

657893 Shard1697 the Skinwalker (level 26, -6/355 HPs)
             Began as a Grey Draconian Ice Elementalist on July 18, 2023.
             Was an Initiate of Gozag.
             Mangled by a large abomination (17 damage)
             ... summoned by Mnoleg
             ... while paralysed by a floating eye
             ... in Pandemonium.
             The game lasted 03:14:18 (77776 turns).

Shard1697 the Skinwalker (DrIE)                    Turns: 77776, Time: 03:14:18

Health: -6/355     AC: 31    Str: 19 (20) XL:     26   Next: 32%
Magic:  0/37       EV: -2    Int:  2 (19) God:    Gozag
Gold:   19027      SH:  0    Dex: 16 (17) Spells: 16/45 levels left

rFire   + .          .
                       - Unarmed
rCold   . . .        y - melded +5 kite shield {AC+3}
rNeg    . . .        (body armour unavailable)
rPois   +            k - melded +0 hat of Upriok {rC++ Dex+7}
rElec   +            X - melded +2 cloak {rC+}
rCorr   .            Y - melded +2 pair of gloves {Stlth+}
SInv    .            P - melded +0 pair of boots
Will    +....        K - amulet of regeneration
Stlth   ++++         o - +5 ring of evasion
HPRegen 1.59/turn    M - ring of Grace {rElec rF+ Stlth+}
MPRegen 0.25/turn

%: no passive effects
@: paralysed, mighty, brilliant, about to teleport, dragon-form, flying,
slightly contaminated, constricted, studying 2 skills
A: dragon claw, dragon scales, flying, boosted hp, AC +17, amphibious, giant,
unfitting armour, (cold-blooded), (talons 1), dopey 1, screaming 1, (electricity
resistance), weak 1, wild magic 1
}: 6/15 runes: serpentine, barnacled, slimy, silver, abyssal, demonic
a: Begin Untransformation, Renounce Religion, Potion Petition, Call Merchant,
Bribe Branch


You were in Pandemonium.
You worshipped Gozag.
Gozag was extremely pleased with you.
You were a fearsome iron dragon!
You visited 11 branches of the dungeon, and saw 51 of its levels.
You visited Pandemonium 1 time, and saw 8 of its levels.
You visited the Abyss 3 times.
You also visited: Ice Cave and Desolation.

You collected 29458 gold pieces.
You spent 4451 gold pieces at shops.
You paid 5980 gold pieces to Gozag.

Inventory:

Armour
 k - the +0 hat of Upriok (melded) {rC++ Dex+7}
   (You found it on level 1 of the Depths)

   Dex:       It affects your dexterity (+7).
   rC:        It greatly protects you from cold.
 y - a +5 kite shield of protection (melded)
 z - the +0 pair of boots "Puge" {rF++ Str-5}
   (You found it on level 5 of the Vaults)

   Str:       It affects your strength (-5).
   rF:        It greatly protects you from fire.
 P - a +0 pair of boots (melded)
 X - a +2 cloak of cold resistance (melded)
 Y - a +2 pair of gloves of stealth (melded)
Jewellery
 o - a +5 ring of evasion (left foreclaw)
 D - a ring of see invisible
 J - the ring "Givvaelu" {rN+ Str+6 Int+2}
   (You took it off a deep elf master archer on level 3 of the Elven Halls)

   [ring of strength]

   Str:       It affects your strength (+6).
   Int:       It affects your intelligence (+2).
   rN:        It protects you from negative energy.
 K - an amulet of regeneration (around neck)
 M - the ring of Grace (right foreclaw) {rElec rF+ Stlth+}
   (You found it on level 3 of the Vaults)

   [ring of protection from fire]

   rF:        It protects you from fire.
   rElec:     It insulates you from electricity.
   Stlth:     It makes you more stealthy.
 V - the ring "Samany" {rElec rC+ rN+ rCorr}
   (You bought it in a shop on level 2 of the Orcish Mines)

   [ring of positive energy]

   rC:        It protects you from cold.
   rElec:     It insulates you from electricity.
   rN:        It protects you from negative energy.
   rCorr:     It protects you from acid and corrosion.
 W - the ring "Adehu" {rF+ rC+ rCorr Str-3 Slay+5}
   (You found it on level 5 of the Pits of Slime)

   [ring of protection from fire]

   Str:       It affects your strength (-3).
   Slay:      It affects your accuracy & damage with ranged weapons and melee
   (+5).
   rF:        It protects you from fire.
   rC:        It protects you from cold.
   rCorr:     It protects you from acid and corrosion.
Talismans
 a - a talisman of death
 u - a storm talisman
 B - a granite talisman
 T - a dragon-blood talisman
Wands
 p - a wand of light (48)
 s - a wand of digging (8)
 w - a wand of iceblast (51)
 G - a wand of paralysis (58)
 L - a wand of mindburst (52)
Scrolls
 b - 7 scrolls of fog
 i - 5 scrolls of enchant armour
 l - 29 scrolls of teleportation
 m - 13 scrolls of fear
 q - 4 scrolls of amnesia
 A - 35 scrolls of identify
 C - 3 scrolls of summoning
 E - 2 scrolls of silence
 Q - 3 scrolls of revelation
 S - 4 scrolls of brand weapon
Potions
 c - a potion of magic
 d - 10 potions of might
 e - 20 potions of curing
 f - 8 potions of brilliance
 g - 3 potions of resistance
 n - 8 potions of haste
 r - 7 potions of mutation
 t - 9 potions of attraction
 v - 6 potions of lignification
 x - 2 potions of ambrosia
 F - 6 potions of heal wounds
 H - 7 potions of berserk rage
 I - 5 potions of cancellation
 R - a potion of invisibility
 U - 7 potions of enlightenment
Miscellaneous
 j - a phial of floods
 O - a box of beasts


   Skills:
 - Level 19.6 Fighting
 - Level 12.0 Dodging
 - Level 5.2 Stealth
 + Level 11.6 Shields
 - Level 19.1 Unarmed Combat
 - Level 10.4 Spellcasting
 - Level 3.1 Hexes
 - Level 21.7 Summonings
 - Level 8.8 Translocations
 - Level 7.2 Ice Magic
 - Level 23.0 Shapeshifting


You had 16 spell levels left.
You knew the following spells:

 Your Spells              Type           Power      Damage    Failure   Level
a - Blink                 Tloc           16%        N/A       1%          2
c - Ozocubu's Armour      Ice            7%         N/A       6%          3
d - Summon Mana Viper     Hex/Summ       11%        N/A       6%          5
f - Monstrous Menagerie   Summ           9%         N/A       4%          7
g - Manifold Assault      Tloc           8%         N/A       10%         4
t - Summon Horrible Thin  Summ           9%         N/A       28%         8

Your spell library contained the following spells:

 Spells                   Type           Power      Damage    Failure   Level
 Call Imp                 Summ           36%        N/A       1%          2
 Lesser Beckoning         Tloc           16%        N/A       1%          2
 Summon Ice Beast         Ice/Summ       13%        N/A       1%          4
 Freeze                   Ice            28%        1d5       2%          1
 Gell's Gravitas          Tloc           8%         N/A       3%          3
 Teleport Other           Tloc           8%         N/A       3%          3
 Frozen Ramparts          Ice            14%        1d3       6%          3
 Ensorcelled Hibernation  Hex/Ice        12%        N/A       7%          2
 Momentum Strike          Conj/Tloc      10%        3d8       9%          2
 Portal Projectile        Hex/Tloc       12%        N/A       10%         3
 Passage of Golubria      Tloc           8%         N/A       10%         4
 Volatile Blastmotes      Fire/Tloc      10%        2d10      16%         3
 Hailstorm                Conj/Ice       4%         3d4       22%         3
 Tukima's Dance           Hex            4%         N/A       26%         3
 Kiss of Death            Conj/Necr      8%         2d6       30%         1
 Magic Dart               Conj           8%         1d3       30%         1
 Sandblast                Erth           4%         2d4       30%         1
 Sting                    Tmut/Pois      8%         1d3       30%         1
 Cigotuvi's Dreadful Rot  Necr/Pois/Air  4%         N/A       43%         2
 Passwall                 Tmut/Erth      1%         N/A       43%         2
 Poisonous Vapours        Pois/Air       4%         N/A       43%         2
 Searing Ray              Conj           4%         2d4       43%         2
 Wereblood                Tmut           2%         N/A       43%         2
 Dazzling Flash           Conj/Hex       6%         N/A       43%         3
 Iskenderun's Mystic Bla  Conj/Tloc      5%         2d3       45%         4
 Malign Gateway           Summ/Tloc      6%         N/A       45%         7
 Cause Fear               Hex            2%         N/A       63%         4
 Ignite Poison            Fire/Tmut/Pois 2%         N/A       65%         3
 Mephitic Cloud           Conj/Pois/Air  2%         N/A       65%         3
 Stone Arrow              Conj/Erth      4%         3d7       65%         3
 Swiftness                Air            2%         N/A       65%         3
 Metabolic Englaciation   Hex/Ice        3%         N/A       67%         5
 Dispersal                Tloc           4%         N/A       75%         6
 Anguish                  Hex/Necr       1%         N/A       82%         4
 Leda's Liquefaction      Hex/Erth       1%         N/A       82%         4
 Dispel Undead            Necr           2%         3d7       95%         4
 Olgreb's Toxic Radiance  Pois           2%         N/A       95%         4
 Petrify                  Tmut/Erth      2%         N/A       95%         4
 Sticky Flame             Conj/Fire      2%         2d3       95%         4
 Spellforged Servitor     Conj/Summ      5%         N/A       95%         7
 Freezing Cloud           Conj/Ice/Air   1%         6-21      96%         5
 Silence                  Hex/Air        1%         N/A       98%         5
 Agony                    Necr           2%         N/A       100%        5
 Arcjolt                  Conj/Air       1%         1d11      100%        5
 Fireball                 Conj/Fire      1%         3d3       100%        5
 Iskenderun's Battlesphe  Conj           2%         2d6       100%        5
 Death Channel            Necr           1%         N/A       100%        6
 Eringya's Noxious Bog    Tmut/Pois      1%         4d6       100%        6
 Leda's Unmaking          Conj/Erth      1%         9d1       100%        6
 Starburst                Conj/Fire      1%         6d3       100%        6
 Enfeeble                 Hex            2%         N/A       100%        7
 Ozocubu's Refrigeration  Ice            3%         4d8       100%        7
 Borgnjor's Revivificati  Necr           1%         N/A       100%        8
 Discord                  Hex            2%         N/A       100%        8
 Ignition                 Fire           1%         3d3       100%        8
 Lehudib's Crystal Spear  Conj/Erth      1%         10d2      100%        8
 Maxwell's Capacitive Co  Air            1%         ∞         100%        8
 Polar Vortex             Ice            3%         N/A       100%        9
 Animate Armour           Summ/Erth      Unusable   N/A       N/A         4
 Simulacrum               Ice/Necr       Unusable   N/A       N/A         6

Dungeon Overview and Level Annotations

Branches:
Dungeon (15/15)            Temple (1/1) D:7            Lair (5/5) D:10
 Shoals (4/4) Lair:3        Snake (4/4) Lair:2        Slime (5/5) Lair:4
    Orc (2/2) D:9             Elf (3/3) Orc:2        Vaults (5/5) D:13
  Crypt (3/3) Vaults:3       Tomb (0/3) Crypt:3      Depths (4/4) D:15
    Zot (0/5) Depths:4      IceCv (visited)         Desolation (visited)

Altars:
Ashenzari
Cheibriados
Dithmenos
Elyvilon
Fedhas
Gozag
Hepliaklqana
Kikubaaqudgha
Makhleb
Nemelex Xobeh
Okawaru
Qazlal
Ru
Sif Muna
Trog
Uskayaw
Vehumet
Wu Jian
Xom
Yredelemnul
Zin
The Shining One
Jiyva

Shops:
D:6 [?(*:=   D:8 (   Orc:2 =[*(   Elf:2 =   Shoals:2 [*(*   Snake:2 *
Vaults:1 :(   Vaults:2 (   Vaults:5 ??   Depths:1 !=*   Depths:2 *

Portals:
Hell: Depths:1 Depths:2 Depths:3 Depths:4
Abyss: Depths:3 Depths:4
Pandemonium: Depths:2
Ziggurat: Depths:3

Annotations:
Lair:2 1 runed translucent door, Pacea's ghost, journeyman OpWn
Lair:3 exclusion: oklob plant
Shoals:1 1 runed translucent door
Elf:1 1 runed translucent door, Couxach's ghost, adept DjFE
Depths:3 3 runed translucent doors
Pan Mnoleg


Innate Abilities, Weirdness & Mutations

You are a fearsome iron dragon!
You have a powerful clawing attack.
Your giant scaled body is strong and resiliant, but less evasive.
You are flying.
Your maximum health is greatly increased.
Your armour is entirely melded.
You are incapable of wielding weapons or throwing items.
Your dull iron-grey scales are very hard. (AC +17)
You are amphibious.
You cannot fit into any form of body armour.
((You are cold-blooded and may be slowed by cold attacks.))
((You have sharp toenails.))
You are dopey. (Int -2)
You occasionally shout uncontrollably at your foes.
((You are resistant to electric shocks. (rElec)))
You are weak. (Str -2)
Your spells are a little harder to cast, but a little more powerful.


Message History

Mnoleg tentacle-slaps you.
* * * LOW HITPOINT WARNING * * *
Mnoleg gores you but does no damage. Mnoleg kicks you!
* * * LOW HITPOINT WARNING * * *
The tentacled monstrosity is engulfed in blazing flames.
The tentacled monstrosity tentacle-slaps you!!
* * * LOW HITPOINT WARNING * * *
The tentacled monstrosity tentacle-slaps you but does no damage. x2
The tentacled monstrosity constricts you.
* * * LOW HITPOINT WARNING * * *
The floating eye gazes piercingly through you!
You suddenly lose the ability to move!
The large abomination hits you!
* * * LOW HITPOINT WARNING * * *
You are engulfed in blazing flames.
You resist.
* * * LOW HITPOINT WARNING * * *
The nameless horror is engulfed in blazing flames.
The nameless horror hits you!
* * * LOW HITPOINT WARNING * * *
You feel your power leaking away. The golden eye blinks at you.
You resist with almost no effort.
The floating eye's stare focuses on you.
Mnoleg claws you.
* * * LOW HITPOINT WARNING * * *
Mnoleg tentacle-slaps you.
* * * LOW HITPOINT WARNING * * *
You feel stupid. Mnoleg gores you but does no damage.
Mnoleg kicks you but does no damage.
The tentacled monstrosity is engulfed in blazing flames.
The tentacled monstrosity tentacle-slaps you.
* * * LOW HITPOINT WARNING * * *
The tentacled monstrosity completely misses you.
The tentacled monstrosity tentacle-slaps you but does no damage.
The tentacled monstrosity constricts you.
* * * LOW HITPOINT WARNING * * *
The nameless horror is engulfed in blazing flames.
The nameless horror is destroyed!
The large abomination hits you!
You die...
Your body crumbles into a pile of gold.

###...##..,* *#....##.#
..........** *#...#..#
.§.......######### ##..#..#
.§*.#.##.........######.#.#
..│.......................####
....(........................#
...w..&.......GGX............####
....X..$.....XGXX§§..............
..X..X...w*..XX&D°§....$.........
..............####$####..........
..............# #.# #..........
...........#### #.# #..........
...........# #.# #..........
############ #.# ########### #.#
#.# ###


You could see Mnoleg, a tentacled monstrosity (summoned, strong), an eldritch
tentacle (strong, resistant), a nameless horror (agile, resistant), a shining
eye (summoned, fast, resistant), 4 large abominations, a floating eye (summoned,
fast, charged) and a golden eye (summoned, agile, resistant).

Vanquished Creatures
  the Royal Jelly (Slime:5)
  2 ancient liches (Vaults:5)
  Mennas (Vaults:4)
  2 juggernauts
  Bai Suzhen (Depths:2)
  Saint Roka (Orc:2)
  A caustic shrike (Depths:3)
  A golden dragon (Depths:3)
  A profane servitor (Crypt:3)
  3 bone dragons
  A Brimstone Fiend (Pan)
  A hellephant (Abyss:2)
  A Tzitzimitl (Pan)
  7 tentacled monstrosities
  A pandemonium lord (Pan)
  3 Ice Fiends
  A Hell Sentinel (Pan)
  Asterion (Elf:3)
  Zenata (Crypt:2)
  8 liches
  3 deep elf blademasters
  A shard shrike skeleton (Crypt:1)
  8 acid blobs
  A kraken (Shoals:3)
  A walking divine tome (Depths:3)
  3 titans
  3 deep elf master archers (Elf:3)
  5 quicksilver dragons
  Gastronok (Lair:2)
  8 tentacled starspawn
  8 ancient champions
  6 sphinxes
  3 tengu reavers
  Donald (Vaults:4)
  2 Executioners
  3 shadow dragons
  5 revenants
  11 azure jellies
  A draconian knight (Depths:4)
  Aizul (Snake:1)
  9 frost giants
  10 rockslimes
  4 nagarajas (Snake:4)
  4 fire giants
  5 deep elf sorcerers
  An iron dragon (Depths:3)
  A caustic shrike zombie (Crypt:3)
  8 cacodemons (Pan)
  17 vault wardens
  A balrug (Pan)
  4 draconian stormcallers (Depths:4)
  22 ironbound preservers
  A demonspawn blood saint (Pan)
  A juggernaut zombie (Crypt:2)
  An orc warlord (Orc:1)
  4 deep elf elementalists (Elf:3)
  2 war gargoyles
  14 stone giants
  An angel (Abyss:2)
  5 quicksilver oozes
  3 formless jellyfish
  7 ghouls
  19 very ugly things
  5 ironbound thunderhulks
  8 vampire knights
  3 reapers
  A starflower (Abyss:3)
  2 deep elf demonologists (Elf:3)
  A green draconian (Abyss:2)
  24 starcursed masses
  4 lorocyprocas (Pan)
  3 demonspawn black suns (Pan)
  8 deep elf annihilators
  9 dire elephants
  A red draconian (Depths:4)
  3 white draconians (Depths:4)
  A spark wasp (Depths:1)
  9 deep elf death magi
  2 green deaths
  3 eidola (Crypt:3)
  10 merfolk impalers
  11 ettins
  13 jiangshi
  15 yaktaur captains
  A merfolk javelineer (Depths:2)
  4 blizzard demons
  2 crystal guardians
  8 fire dragons
  A spriggan zombie (D:15)
  30 vault guards
  2 ragged hierophants (Desolation)
  6 hydras
  A fenstrider witch zombie (Crypt:1)
  8 deep elf high priests
  8 great orbs of eyes
  A servant of whispers (Desolation)
  11 ice dragons
  8 peacekeepers
  4 entropy weavers
  2 caustic shrike simulacra (IceCv)
  Harold (Lair:1)
  6 ironbound frosthearts
  3 merfolk avatars
  The ghost of seeyaspacecowboy the Spear-Bearer, a journeyman MiFi of Xom (Orc:2)
  6 salamander tyrants
  2 hell beasts
  2 spriggan skeletons
  9 anacondas
  3 spriggan air magi
  3 alligator snapping turtles
  A two-headed ogre (D:10)
  31 dancing weapons
  3 death knights
  4 merfolk aquamancers
  3 satyrs (Shoals:4)
  2 boulder beetles
  5 deep troll earth magi
  7 centaur warriors
  3 deep troll shamans
  A tengu warrior (D:15)
  19 death yaks
  5 shock serpents
  9 naga warriors
  An orc high priest (Orc:1)
  2 demonic crawlers
  8 vampire magi
  7 spriggan berserkers
  A titan zombie (Crypt:3)
  3 thrashing horrors
  11 naga sharpshooters
  22 deep elf knights
  2 titan skeletons
  2 wretched stars (Abyss:3)
  Sonja (Orc:2)
  8 sixfirhies
  12 sun demons
  11 soul eaters
  6 hell knights (Depths:1)
  6 salamander mystics
  3 spriggans (Depths:3)
  24 skeletal warriors
  5 skysharks
  4 iron trolls
  7 flayed ghosts
  3 bog bodies
  10 sea snakes
  38 deep trolls
  2 glowing orange brains
  2 naga ritualists (Snake:4)
  A swamp dragon (Lair:5)
  An orange crystal statue (Depths:1)
  13 phantasmal warriors
  8 lindwurms
  2 shadow demons
  A shadow dragon zombie (D:15)
  An anaconda skeleton (Crypt:1)
  13 ironbound convokers
  2 obsidian statues (IceCv)
  31 deep elf zephyrmancers
  6 orc knights
  30 harpies
  7 deep elf archers
  15 wizards
  35 ugly things
  31 deep elf pyromancers
  5 shining eyes
  4 necromancers
  5 mana vipers
  A wolf spider (shapeshifter) (Vaults:4)
  2 oklob plants (Abyss:3)
  17 salamanders
  5 cyclopes
  A moth of wrath (shapeshifter) (Vaults:2)
  22 manticores
  A stone giant zombie (D:15)
  5 fauns (Shoals:3)
  6 orc sorcerers
  A jorogumo skeleton (Crypt:2)
  12 merfolk sirens
  A worldbinder (Abyss:2)
  23 black mambas
  Joseph (D:10)
  19 naga magi
  9 elephants
  12 guardian serpents
  11 smoke demons
  23 vault sentinels
  2 ice statues (Shoals:3)
  3 eyes of devastation
  A toenail golem (Pan)
  5 water nymphs
  An apocalypse crab (Abyss:3)
  6 torpor snails (Lair:5)
  A green draconian zombie (Crypt:3)
  2 swamp worm zombies (Crypt:3)
  2 gargoyles
  11 cane toads
  3 molten gargoyles
  Psyche (D:8)
  11 freezing wraiths
  9 orange demons
  18 hellions
  A dire elephant skeleton (Crypt:3)
  An unseen horror (D:12)
  2 efreet
  4 kobold demonologists (D:14)
  2 tengu conjurers
  11 komodo dragons
  25 yaktaurs
  A grey draconian skeleton (Crypt:2)
  7 rime drakes
  A guardian mummy (Crypt:3)
  3 ancient zymes
  4 golden dragon simulacra (IceCv)
  An orb spider zombie (Crypt:1)
  2 red devils
  2 ice devils
  A troll (shapeshifter) (Vaults:5)
  A hellwing (Pan)
  3 harpy zombies
  6 trolls
  9 hornets
  A queen bee (D:12)
  30 merfolk
  19 saltlings
  A tarantella (Vaults:4)
  A hornet (shapeshifter) (D:14)
  A wolf spider simulacrum (D:14)
  Grinder (D:6)
  A mana viper skeleton (Crypt:3)
  6 raiju
  3 tyrant leeches (Lair:5)
  8 wind drakes
  An ettin zombie (D:15)
  10 snapping turtles
  11 blink frogs
  A dream sheep (shapeshifter) (Vaults:1)
  4 dream sheep (Shoals:2)
  2 ettin skeletons
  A jumping spider (Vaults:1)
  4 vampires
  25 flying skulls
  Sigmund (D:5)
  A centaur simulacrum (Crypt:3)
  A slime creature (shapeshifter) (Depths:3)
  79 slime creatures
  4 wraiths
  5 wyverns
  5 fire bats
  11 ynoxinuls
  5 air elementals
  3 golden eyes (Slime:2)
  23 water elementals
  A human (shapeshifter) (Vaults:5)
  14 chaos spawn
  48 yaks
  7 basilisks
  4 fire elementals
  5 redbacks
  9 steam dragons
  14 vampire mosquitoes
  10 spatial vortices (Abyss:2)
  8 neqoxecs
  22 large abominations
  3 wargs
  A harpy simulacrum (Crypt:3)
  5 hydra simulacra (IceCv)
  A two-headed ogre zombie (Crypt:3)
  A demonspawn zombie (Crypt:1)
  29 nagas
  5 acid dragons
  3 hell hounds (Depths:4)
  10 nameless horrors
  A floating eye (Pan)
  24 orc warriors
  18 water moccasins
  2 swamp drakes (Lair:5)
  An ogre (shapeshifter) (Depths:3)
  2 ice beasts
  3 ogres
  2 alligator simulacra (IceCv)
  A blink frog zombie (Crypt:1)
  An ettin simulacrum (IceCv)
  2 black bears
  4 boggarts
  A hog zombie (Crypt:1)
  16 centaurs
  A draconian zombie (Crypt:3)
  2 lemures (D:7)
  A kobold brigand (D:5)
  A phantom (D:4)
  A gnoll sergeant (D:9)
  A rime drake skeleton (Crypt:2)
  4 necrophages
  An earth elemental (Elf:2)
  A bullfrog (shapeshifter) (Vaults:5)
  11 bullfrogs
  A deep troll simulacrum (IceCv)
  6 scorpions (Elf:3)
  An elf skeleton (Crypt:3)
  A water moccasin skeleton (Crypt:2)
  A wight (Abyss:1)
  13 killer bees
  A shapeshifter skeleton (Crypt:1)
  8 howler monkeys
  An electric eel (D:14)
  4 crimson imps (D:10)
  11 small abominations
  4 quasits
  3 hounds
  11 orc priests
  An iron imp (Abyss:1)
  3 gnoll boudas
  5 iguanas
  Terence (D:2)
  A sleepcap (D:2)
  17 orc wizards
  6 hell rats (Lair:1)
  A deep dwarf skeleton (Crypt:2)
  2 acid dragon skeletons
  8 mummies
  3 adders (D:6)
  15 gnolls
  6 shadow imps
  5 white imps
  An ufetubus (D:6)
  4 worms
  A worm (shapeshifter) (Vaults:5)
  5 dart slugs
  46 orcs
  3 ball pythons
  8 bats
  7 endoplasms
  2 giant cockroaches
  A giant cockroach (shapeshifter) (Depths:2)
  2 goblins (D:1)
  8 hobgoblins
  8 jackals
  3 quokkas
  A ball python zombie (Crypt:2)
  2 frilled lizards
  A hobgoblin skeleton (Crypt:2)
  A jackal zombie (Crypt:3)
  14 kobolds
  2 rats
  A rat skeleton (Crypt:3)
  A spectral orc (D:14)
  2 starspawn tentacles
2202 creatures vanquished.

Vanquished Creatures (collateral kills)
  A tentacled monstrosity (Pan)
  A quicksilver dragon (Vaults:5)
  A titan (Vaults:5)
  3 acid blobs
  A sphinx (Vaults:5)
  2 Executioners (Pan)
  A shadow dragon (Depths:3)
  2 rockslimes (Slime:5)
  An azure jelly (Slime:4)
  A fire giant (Depths:3)
  4 balrugs (Pan)
  A war gargoyle (Vaults:5)
  4 very ugly things
  5 cacodemons (Pan)
  A stone giant (Depths:3)
  A formless jellyfish (Slime:2)
  A demonspawn corrupter (Pan)
  2 demonspawn blood saints (Pan)
  A spriggan defender (Depths:3)
  4 quicksilver oozes
  A dire elephant (Vaults:3)
  4 spark wasps
  A green death (Pan)
  2 deep elf death magi (Vaults:5)
  2 ettins (Depths:3)
  2 fire dragons (Depths:4)
  Fannar (Lair:2)
  A rakshasa (Depths:3)
  3 ice dragons (Depths:3)
  3 vault guards (Vaults:5)
  An ogre mage (Vaults:5)
  2 spriggan air magi
  A fenstrider witch skeleton (Crypt:3)
  A merfolk avatar (Shoals:4)
  A two-headed ogre (D:9)
  A tengu warrior (Depths:2)
  A spriggan (Depths:3)
  2 sun demons (Pan)
  3 skeletal warriors (Crypt:3)
  A soul eater (Pan)
  A hell knight (Depths:1)
  4 sixfirhies (Pan)
  An iron troll (Depths:2)
  A shadow demon (Pan)
  Pikel (D:7)
  6 deep trolls
  3 wizards
  A necromancer (Vaults:5)
  A harpy (Shoals:1)
  A manticore (Depths:4)
  4 ugly things
  8 large abominations (Pan)
  A guardian serpent (Lair:2)
  6 slime creatures
  A merfolk siren (Shoals:4)
  An eye of devastation (Slime:1)
  A rust devil (Abyss:3)
  6 orange demons
  A smoke demon (Pan)
  A naga mage (Depths:1)
  A centaur skeleton (Crypt:3)
  A kobold demonologist (D:8)
  A komodo dragon (D:10)
  A tormentor (Pan)
  2 trolls
  A hornet (Depths:3)
  A wind drake (Shoals:4)
  3 small abominations (Abyss:3)
  4 raiju
  An air elemental (Abyss:3)
  A flying skull (Crypt:3)
  4 yaks
  A fire bat (Pan)
  A golden eye (Slime:2)
  A steam dragon (D:8)
  6 neqoxecs (Pan)
  A chaos spawn (Pan)
  Edmund (D:6)
  A hell hound (Depths:4)
  An orc warrior (D:9)
  Blork the orc (D:6)
  2 killer bees (D:9)
  4 howler monkeys
  A crimson imp (D:10)
  6 starcursed masses (Abyss:3)
  A hell rat (Lair:1)
  3 mummies (Crypt:3)
  8 orcs
  A starspawn tentacle (Abyss:3)
183 creatures vanquished.

Vanquished Creatures (others)
  2 eldritch tentacles (Pan)
  A nameless horror (Pan)
  A soul eater (Pan)
  A ynoxinul (Pan)
  3 golden eyes (Abyss:1)
  A chaos spawn (Pan)
  A naga (Snake:4)
  An orc (Vaults:5)
  12 starspawn tentacles
  4 tentacles (Shoals:3)
27 creatures vanquished.

Grand Total: 2412 creatures vanquished

Notes
Turn   | Place    | Note
-------+----------+-------------------------------------------
     0 | D:1      | Shard1697 the Draconian Ice Elementalist began the quest
                  | for the Orb.
     0 | D:1      | Reached XP level 1. HP: 14/14 MP: 3/3
   103 | D:1      | Found a faded altar of an unknown god.
   303 | D:1      | Reached XP level 2. HP: 9/20 MP: 3/5
   724 | D:1      | Reached XP level 3. HP: 26/26 MP: 7/7
   728 | D:1      | Learned a level 3 spell: Frozen Ramparts
   732 | D:1      | Learned a level 3 spell: Ozocubu's Armour
  1199 | D:2      | Noticed Terence
  1212 | D:2      | Killed Terence
  1283 | D:2      | Reached XP level 4. HP: 30/33 MP: 8/8
  1698 | D:2      | Reached skill level 5 in Ice Magic
  2573 | D:3      | Found a white marble altar of Elyvilon.
  2674 | D:4      | Reached XP level 5. HP: 26/38 MP: 10/10
  2679 | D:4      | Learned a level 4 spell: Summon Ice Beast
  2764 | D:4      | Found a burning altar of Makhleb.
  2840 | D:4      | Found a glowing silver altar of Zin.
  2847 | D:4      | Noticed a phantom
  2879 | D:4      | Killed a phantom
  2880 | D:4      | Reached skill level 1 in Summonings
  2998 | D:4      | Found a radiant altar of Vehumet.
  3199 | D:4      | Reached XP level 6. HP: 37/45 MP: 7/11
  3429 | D:5      | Entered Level 5 of the Dungeon
  3685 | D:5      | Found a hazy altar of Hepliaklqana.
  3801 | D:5      | Noticed Sigmund
  3840 | D:5      | Your scales start taking on a dull iron-grey colour.
  3840 | D:5      | Reached XP level 7. HP: 31/50 MP: 8/12
  4080 | D:5      | Killed Sigmund
  4081 | D:5      | Reached skill level 5 in Summonings
  4533 | D:6      | Noticed Grinder
  4572 | D:6      | Killed Grinder
  4573 | D:6      | Reached XP level 8. HP: 27/57 MP: 10/13
  4675 | D:6      | Found an ornate altar of the Wu Jian Council.
  4712 | D:6      | Found a shimmering blue altar of Sif Muna.
  4801 | D:6      | Reached skill level 1 in Unarmed Combat
  4894 | D:6      | Found Vusoad's Armour Emporium.
  4903 | D:6      | Reached skill level 1 in Shapeshifting
  4906 | D:6      | Found Zyrulocuerph's Assorted Antiques.
  4950 | D:6      | Found Malaor's Book Emporium.
  4950 | D:6      | Found Lueguloe's Magic Scroll Shoppe.
  4964 | D:6      | Found Hazathos's Weapon Emporium.
  4964 | D:6      | Found Baxtoc's Jewellery Shoppe.
  4965 | D:6      | Noticed Edmund
  5018 | D:6      | Noticed Blork the orc
  5033 | D:6      | Killed Blork the orc
  5034 | D:6      | Reached skill level 2 in Shapeshifting
  5404 | D:6      | Bought a +0 pair of boots for 49 gold pieces
  5415 | D:6      | Bought a scroll of blinking for 82 gold pieces
  5415 | D:6      | Bought a scroll of identify for 22 gold pieces
  5415 | D:6      | Bought a scroll of identify for 22 gold pieces
  5415 | D:6      | Bought a scroll of teleportation for 33 gold pieces
  5415 | D:6      | Bought a scroll of identify for 22 gold pieces
  5429 | D:6      | You fall into a shaft and drop 1 floor!
  5491 | D:7      | Reached skill level 3 in Shapeshifting
  5653 | D:7      | Found a stormy altar of Qazlal.
  5767 | D:7      | Noticed Pikel
  5787 | D:7      | Killed Pikel
  5788 | D:7      | Reached skill level 5 in Unarmed Combat
  5788 | D:7      | Reached skill level 4 in Shapeshifting
  5788 | D:7      | Reached XP level 9. HP: 43/62 MP: 7/14
  6168 | D:7      | Found a staircase to the Ecumenical Temple.
  6176 | Temple   | Entered the Ecumenical Temple
  6529 | Temple   | Became a worshipper of Gozag Ym Sagoz the Greedy
  6820 | D:6      | Killed Edmund
  6892 | D:6      | Found a shadowy altar of Dithmenos.
  6977 | D:6      | Found a snail-covered altar of Cheibriados.
  7138 | D:8      | Reached skill level 5 in Shapeshifting
  7386 | D:8      | Found Foser's Antique Weapon Emporium.
  7421 | D:8      | Noticed Psyche
  7432 | D:8      | Killed Psyche
  7433 | D:8      | Reached skill level 6 in Shapeshifting
  7770 | D:8      | Found a hide-covered altar of Uskayaw.
  8036 | D:9      | Noticed a kobold demonologist
  8049 | D:9      | Noticed a smoke demon
  8121 | D:8      | Killed a kobold demonologist
  8122 | D:8      | Reached skill level 7 in Shapeshifting
  8309 | D:9      | Noticed a two-headed ogre
  8317 | D:9      | Reached XP level 10. HP: 69/69 MP: 11/15
  8410 | D:9      | Killed a two-headed ogre
  8411 | D:9      | Reached skill level 8 in Shapeshifting
  8620 | D:9      | Found a staircase to the Orcish Mines.
  9294 | D:10     | Entered Level 10 of the Dungeon
  9294 | D:10     | Found a bloodstained altar of Trog.
  9709 | D:10     | Found a staircase to the Lair.
  9794 | D:10     | Found a basalt altar of Yredelemnul.
  9823 | D:10     | Noticed Joseph
  9836 | D:10     | Killed Joseph
  9837 | D:10     | Reached skill level 1 in Fighting
  9837 | D:10     | Reached skill level 9 in Shapeshifting
 10228 | D:10     | Noticed a two-headed ogre
 10236 | D:10     | Killed a two-headed ogre
 10265 | D:10     | Identified the Lectures on the Impact and the Xenolith
 10271 | D:10     | Reached XP level 11. HP: 80/80 MP: 14/16
 11202 | D:11     | Noticed a deep elf pyromancer
 11595 | D:11     | Reached skill level 10 in Unarmed Combat
 12100 | Lair:1   | Entered Level 1 of the Lair of Beasts
 12305 | Lair:1   | Noticed Harold
 12341 | D:10     | Reached skill level 5 in Fighting
 13037 | Lair:1   | Killed Harold
 13253 | Lair:1   | You fall into a shaft and drop 1 floor!
 13253 | Lair:2   | Noticed Fannar
 13332 | Lair:2   | Noticed a death yak
 13384 | Lair:2   | Reached XP level 12. HP: 67/97 MP: 12/17
 13746 | Lair:2   | Killed Fannar
 13747 | Lair:2   | Reached skill level 5 in Dodging
 14140 | Lair:2   | Found a staircase to the Snake Pit.
 14432 | Lair:2   | Noticed Gastronok
 14454 | Lair:2   | Killed Gastronok
 14592 | Lair:2   | Found a runed translucent door.
 14607 | Lair:2   | Found a shimmering altar of Xom.
 14609 | Lair:2   | Noticed a death yak
 14609 | Lair:2   | Noticed a death yak
 14615 | Lair:2   | Noticed a death yak
 14645 | Lair:2   | Killed a death yak
 14659 | Lair:2   | Killed a death yak
 14669 | Lair:2   | Killed a death yak
 14676 | Lair:2   | Killed a death yak
 15165 | Lair:2   | Noticed Pacea's ghost (journeyman OpWn)
 15167 | Lair:2   | Identified the +4 spear of Mufrafy {holy, rC- rCorr Str+4
                  | SInv}
 15747 | Lair:3   | Noticed a death yak
 15747 | Lair:3   | Noticed a death yak
 15747 | Lair:3   | Noticed a death yak
 15748 | Lair:3   | Noticed a death yak
 15748 | Lair:3   | Noticed a death yak
 15762 | Lair:3   | Gained mutation: Your mind is acute. (Int +4, Str/Dex -1)
                  | [potion of mutation]
 15762 | Lair:3   | Gained mutation: You occasionally shout uncontrollably at
                  | your foes. [potion of mutation]
 15762 | Lair:3   | Gained mutation: Your spells are a little harder to cast,
                  | but a little more powerful. [potion of mutation]
 15769 | Lair:3   | Killed a death yak
 15776 | Lair:3   | Killed a death yak
 15781 | Lair:3   | Killed a death yak
 15782 | Lair:3   | Reached XP level 13. HP: 40/112 MP: 7/18
 16087 | Lair:3   | Reached skill level 10 in Fighting
 16173 | Lair:3   | Found a staircase to the Shoals.
 16707 | Lair:3   | Found an iron altar of Okawaru.
 16947 | Lair:4   | Found the +7 sceptre of Torment {pain, torment}
 17082 | Lair:4   | Found a staircase to the Slime Pits.
 18363 | Lair:5   | Entered Level 5 of the Lair of Beasts
 18710 | Lair:5   | Reached skill level 10 in Dodging
 18822 | Lair:5   | Reached XP level 14. HP: 87/121 MP: 14/19
 18961 | Lair:5   | Identified the +5 morningstar of Dithmenos, Crafting
                  | {antimagic, rPois rC- rN+ Will+}
 19380 | Lair:5   | Found a runed translucent door.
 19549 | Lair:5   | Paralysed by a hornet for 1 turns
 19778 | Lair:5   | Reached skill level 15 in Unarmed Combat
 19839 | Lair:5   | Paralysed by a hornet for 3 turns
 20201 | Lair:5   | Identified the +2 falchion of Fyineory {flame, rPois Int+3
                  | Stlth+}
 20441 | Lair:5   | Reached skill level 10 in Shapeshifting
 20617 | Lair:5   | Paralysed by a hornet for 1 turns
 20997 | Orc:1    | Entered Level 1 of the Orcish Mines
 21525 | Orc:2    | Entered Level 2 of the Orcish Mines
 21554 | Orc:2    | Found a runed translucent door.
 21556 | Orc:2    | Noticed seeyaspacecowboy's ghost (journeyman MiFi)
 21560 | Orc:2    | Noticed Sonja
 21567 | Orc:2    | Killed Sonja
 21839 | Orc:2    | Noticed an orc warlord
 21878 | Orc:1    | Killed an orc warlord
 22162 | Orc:2    | Reached skill level 11 in Shapeshifting
 22640 | Orc:2    | Found Odiadghaisoi's Jewellery Emporium.
 22645 | Orc:2    | Found Guidior's Antique Armour Emporium.
 22712 | Orc:2    | Bought a dragon-blood talisman for 1040 gold pieces
 22712 | Orc:2    | Bought the ring "Samany" {rElec rC+ rN+ rCorr} for 605 gold
                  | pieces
 22754 | Orc:2    | Found Xakhlet's Antique Weapon Emporium.
 22770 | Orc:2    | Found Luixeptine's General Store.
 22778 | Orc:2    | Bought a potion of heal wounds for 60 gold pieces
 22778 | Orc:2    | Bought a granite talisman for 960 gold pieces
 22800 | Orc:2    | Noticed Nessos
 22807 | Orc:2    | Nessos changed into Nessos the redback
 22807 | Orc:2    | Noticed Nessos
 22811 | Orc:2    | Killed Nessos the redback
 22850 | Orc:2    | Noticed Saint Roka
 22874 | Orc:2    | Killed Saint Roka
 23193 | Orc:2    | Found a staircase to the Elven Halls.
 23344 | Orc:2    | Killed seeyaspacecowboy's ghost
 23448 | D:11     | Reached skill level 12 in Shapeshifting
 24036 | D:12     | Reached XP level 15. HP: 71/126 MP: 10/20
 25530 | D:13     | Found a gate to the Vaults.
 25542 | D:13     | Reached skill level 13 in Shapeshifting
 26894 | D:14     | Reached skill level 14 in Shapeshifting
 27153 | D:14     | Noticed an acid blob
 27154 | D:14     | Found a viscous altar of Jiyva.
 27200 | D:14     | Found a transporter.
 27210 | D:14     | Found a transporter.
 27217 | D:14     | Killed an acid blob
 27217 | D:14     | Gained mutation: You are resistant to electric shocks.
                  | (rElec) [a shining eye]
 27269 | D:14     | Identified the ring "Ekell" {Wiz Dex+2}
 28107 | D:14     | Found a basalt altar of Yredelemnul.
 28486 | D:15     | Entered Level 15 of the Dungeon
 28505 | D:15     | Reached skill level 15 in Shapeshifting
 28854 | D:15     | Found a staircase to the Depths.
 28889 | D:15     | Found a sparkling altar of Nemelex Xobeh.
 29059 | D:15     | Reached XP level 16. HP: 135/135 MP: 21/21
 29555 | Snake:1  | Entered Level 1 of the Snake Pit
 30033 | Snake:1  | Noticed Aizul
 30051 | Snake:1  | Killed Aizul
 30567 | Snake:2  | Found Peijap's Practical Paraphernalia.
 30600 | Snake:2  | Bought a wand of digging (8) for 537 gold pieces
 31284 | Snake:3  | Reached skill level 5 in Stealth
 31284 | Snake:3  | Reached XP level 17. HP: 144/144 MP: 22/22
 32885 | Snake:4  | Entered Level 4 of the Snake Pit
 33052 | Snake:4  | Reached skill level 16 in Shapeshifting
 33905 | Snake:4  | Noticed a quicksilver dragon
 34384 | Snake:3  | Killed a quicksilver dragon
 34597 | Snake:4  | Reached XP level 18. HP: 103/151 MP: 10/23
 35253 | Snake:4  | Got a serpentine rune of Zot
 35787 | Snake:4  | Identified the +3 falchion "Hydraslayer" {drain, rPois
                  | Will+ Str+4}
 36045 | Shoals:1 | Entered Level 1 of the Shoals
 36189 | Shoals:1 | Reached skill level 17 in Shapeshifting
 36428 | Shoals:1 | Found a runed translucent door.
 36762 | Shoals:1 | Identified a scroll of acquirement
 36763 | Shoals:1 | Acquired 964 gold pieces
 37236 | Shoals:1 | Identified the +9 plate armour of the Beggar {*Slow Int+3
                  | Dex+2}
 37521 | Shoals:2 | Found Kemif's Visitors' Centre.
 37522 | Shoals:2 | Found Kemif's Merfolk Magic.
 37526 | Shoals:2 | Found Kemif's Merfolk Armours.
 37526 | Shoals:2 | Found Kemif's Merfolk Weapons.
 37560 | Shoals:2 | Learned a level 8 spell: Summon Horrible Things
 38495 | Shoals:3 | Found a frozen archway.
 38504 | IceCv    | Entered an ice cave
 39253 | IceCv    | Noticed an Ice Fiend
 39253 | IceCv    | Noticed an Ice Fiend
 39259 | IceCv    | Killed an Ice Fiend
 39265 | IceCv    | Killed an Ice Fiend
 40420 | Shoals:3 | Reached skill level 18 in Shapeshifting
 40731 | Shoals:3 | Identified the +5 dagger "Seogram" {protect, rC- Int+3
                  | Dex+2 SInv}
 41038 | Shoals:4 | Entered Level 4 of the Shoals
 41087 | Shoals:4 | Reached XP level 19. HP: 157/157 MP: 21/24
 42203 | Shoals:4 | Got a barnacled rune of Zot
 42696 | Elf:1    | Entered Level 1 of the Elven Halls
 42784 | Elf:1    | Paralysed by an air elemental for 1 turns
 42794 | Elf:1    | Reached skill level 19 in Shapeshifting
 42907 | Elf:1    | Paralysed by a deep elf zephyrmancer for 3 turns
 43076 | Elf:1    | Found a runed translucent door.
 43078 | Elf:1    | Noticed Couxach's ghost (adept DjFE)
 43400 | Elf:1    | Learned a level 4 spell: Manifold Assault
 43588 | Elf:2    | Paralysed by an air elemental for 1 turns
 43593 | Elf:1    | Paralysed by an air elemental for 1 turns
 43668 | Elf:2    | Reached skill level 1 in Translocations
 43955 | Elf:2    | Reached skill level 5 in Spellcasting
 43965 | Elf:2    | Learned a level 5 spell: Summon Mana Viper
 44342 | Elf:2    | Got the Handbook of Ghoulish Minerals
 44378 | Elf:2    | Found Rigrauss's Jewellery Emporium.
 44403 | Elf:2    | Found a runed translucent gate.
 44403 | Elf:2    | Found a runed translucent gate.
 44404 | Elf:2    | Found a runed translucent gate.
 44834 | Elf:2    | Reached skill level 5 in Translocations
 44849 | Elf:2    | Reached XP level 20. HP: 165/165 MP: 26/29
 45571 | Elf:2    | Learned a level 7 spell: Monstrous Menagerie
 45603 | Elf:3    | Entered Level 3 of the Elven Halls
 45639 | Elf:3    | Noticed Asterion
 45650 | Elf:3    | Killed Asterion
 46071 | Elf:3    | Reached skill level 1 in Hexes
 46747 | Elf:3    | Identified the ring "Givvaelu" {rN+ Str+6 Int+2}
 46749 | Elf:3    | Identified the +3 falchion of Dung {flame, Dex+3}
 47216 | Elf:3    | Identified the +2 glaive "Kidoisin" {freeze, Will+ rCorr
                  | Str+3 Int+3}
 47599 | Elf:3    | Identified the +8 rapier of the Dragonfly {flame, *Slow
                  | Will+ Stlth+}
 47599 | Elf:3    | Identified the amulet "Xoariun" {+Inv Will- Regen+ Str+4
                  | Stlth+}
 47604 | Elf:3    | Reached skill level 10 in Summonings
 47619 | Elf:3    | Identified the +4 chain mail "Gumak" {Str+7}
 47935 | Elf:3    | Identified the +3 hand axe "Roschaso" {drain, Dex+3}
 47941 | Elf:3    | Identified the +4 short sword of Dunedor {elec, rC+ Str+3
                  | Dex+2}
 47978 | Elf:3    | Identified the +5 spear of Debt {freeze, rF+ Str+3}
 48578 | Vaults:1 | Entered Level 1 of the Vaults
 48603 | Vaults:1 | Found a crumbling gateway.
 48633 | Desolati | Entered the Desolation of Salt
 49243 | Vaults:1 | Found Eholuteje's Book Boutique.
 49505 | Vaults:1 | Found Pothrut's Weapon Boutique.
 49843 | Vaults:1 | Identified the ring "Hokk" {Int+5 Dex+6}
 50615 | Vaults:2 | Found Ufoagg's Antique Weapon Shoppe.
 50885 | Vaults:2 | Reached XP level 21. HP: 171/171 MP: 31/31
 51767 | Vaults:2 | Reached skill level 15 in Summonings
 51919 | Vaults:3 | Identified the ring of Grace {rElec rF+ Stlth+}
 52634 | Vaults:3 | Found a staircase to the Crypt.
 52634 | Vaults:3 | Found a basalt altar of Yredelemnul.
 52635 | Vaults:3 | Found an ancient bone altar of Kikubaaqudgha.
 53992 | Vaults:4 | Identified the +7 hand axe of Konewen {flame, Will+ Int+2}
 54141 | Vaults:4 | Noticed Donald
 54145 | Vaults:4 | Killed Donald
 54184 | Vaults:4 | Reached XP level 22. HP: 179/179 MP: 5/34
 54849 | Crypt:1  | Entered Level 1 of the Crypt
 55083 | Crypt:1  | Identified the staff of the Crawling Thing {*Corrode rPois
                  | rF+ Conj Ice}
 56812 | Crypt:2  | Noticed Zenata
 56822 | Crypt:2  | Killed Zenata
 57302 | Crypt:3  | Entered Level 3 of the Crypt
 58567 | Crypt:3  | Found a basalt altar of Yredelemnul.
 58569 | Crypt:3  | Found an ancient bone altar of Kikubaaqudgha.
 58606 | Crypt:3  | Identified the staff of Untruth {rC+ Will- rCorr Str+5
                  | Int+3 Ice}
 58883 | Crypt:3  | Paralysed by a vampire knight for 5 turns
 59275 | Crypt:3  | Found a staircase to the Tomb.
 59576 | Depths:1 | Entered Level 1 of the Depths
 59684 | Depths:1 | Found a radiant altar of Vehumet.
 59709 | Depths:1 | Identified the +0 hat of Upriok {rC++ Dex+7}
 59905 | Depths:1 | Found Ateillu's Assorted Antiques.
 59905 | Depths:1 | Found Nutausch's Jewellery Shop.
 59988 | Depths:1 | Bought a scroll of fear for 104 gold pieces
 59988 | Depths:1 | Bought a scroll of fear for 104 gold pieces
 59988 | Depths:1 | Bought a potion of magic for 208 gold pieces
 60004 | Depths:1 | You are sucked into a shaft and drop 1 floor!
 60052 | Depths:2 | Noticed Bai Suzhen
 60059 | Depths:2 | Killed Bai Suzhen
 60078 | Depths:2 | Reached XP level 23. HP: 185/185 MP: 7/36
 60328 | Depths:1 | Reached skill level 10 in Spellcasting
 60607 | Depths:1 | Found Ruomior's Distillery.
 60610 | Depths:1 | Bought a potion of heal wounds for 75 gold pieces
 60610 | Depths:1 | Bought a potion of heal wounds for 75 gold pieces
 60610 | Depths:1 | Bought a potion of heal wounds for 75 gold pieces
 60610 | Depths:1 | Bought a potion of mutation for 120 gold pieces
 60788 | Depths:1 | Found a gateway to Hell.
 61625 | Depths:2 | Found Acugumin's CLEARANCE SALE!.
 61911 | Depths:2 | Found a one-way gate leading to the halls of Pandemonium.
 62617 | Depths:3 | Found a shimmering altar of Xom.
 62617 | Depths:3 | Found a shimmering altar of Xom.
 62618 | Depths:3 | Found a shimmering altar of Xom.
 62619 | Depths:3 | Found a shimmering altar of Xom.
 62628 | Depths:3 | Found a shimmering altar of Xom.
 62629 | Depths:3 | Found a shimmering altar of Xom.
 62857 | Depths:3 | Found a one-way gateway to a ziggurat.
 63105 | Depths:3 | Found a one-way gate to the infinite horrors of the Abyss.
 63482 | Depths:4 | Entered Level 4 of the Depths
 63760 | Depths:4 | Noticed a juggernaut
 63765 | Depths:4 | Reached skill level 20 in Shapeshifting
 64029 | Depths:4 | Killed a juggernaut
 64464 | Depths:4 | Found a gate to the Realm of Zot.
 65720 | Depths:3 | Found a runed translucent gate.
 65720 | Depths:3 | Found a runed translucent gate.
 65720 | Depths:3 | Found a runed translucent gate.
 65876 | Depths:3 | Noticed a caustic shrike
 65886 | Depths:3 | Killed a caustic shrike
 65927 | Depths:3 | Noticed a juggernaut
 66055 | Depths:3 | Found a runed translucent gate.
 66055 | Depths:3 | Found a runed translucent gate.
 66055 | Depths:3 | Found a runed translucent gate.
 66073 | Depths:3 | Killed a juggernaut
 66074 | Depths:3 | Reached XP level 24. HP: 205/205 MP: 31/37
 66553 | Slime:1  | Entered Level 1 of the Pits of Slime
 66719 | Slime:2  | Reached skill level 15 in Fighting
 66907 | Slime:3  | Lost mutation: Your mind is acute. (Int +4, Str/Dex -1) [a
                  | shining eye]
 67022 | Slime:4  | Found a viscous altar of Jiyva.
 67172 | Slime:5  | Entered Level 5 of the Pits of Slime
 67187 | Slime:5  | Noticed the Royal Jelly
 67300 | Slime:5  | Found the +5 demon whip "Spellbinder" {antimagic, disrupt,
                  | Will+}
 67393 | Slime:5  | Reached skill level 21 in Shapeshifting
 67788 | Slime:5  | Killed the Royal Jelly
 67793 | Slime:5  | Identified the +0 plate armour of Zealis {rElec}
 67813 | Slime:5  | Identified the ring of Ropsot Xisch {rPois Dex+2}
 68185 | Slime:5  | Got a slimy rune of Zot
 68229 | Slime:5  | Identified the ring "Adehu" {rF+ rC+ rCorr Str-3 Slay+5}
 68301 | Slime:5  | Got the Annotations on the Shifting Caves
 69008 | Depths:3 | Voluntarily entered the Abyss.
 69492 | Abyss:1  | Found a corrupted altar of Lugonu.
 70123 | Abyss:3  | Found a corrupted altar of Lugonu.
 70564 | Abyss:3  | Paralysed by accursed screaming for 2 turns
 70587 | Abyss:3  | Got an abyssal rune of Zot
 70624 | Depths:3 | Escaped the Abyss
 71036 | Vaults:5 | Entered Level 5 of the Vaults
 71211 | Vaults:4 | Learned a level 2 spell: Blink
 71274 | Vaults:4 | Reached XP level 25. HP: 223/223 MP: 37/37
 71379 | Vaults:5 | Reached skill level 22 in Shapeshifting
 71913 | Vaults:5 | Identified the +4 war axe "Demonbane" {venom, Fly rN+
                  | Int+3}
 71922 | Vaults:5 | Noticed an ancient lich
 71929 | Vaults:5 | Noticed Mennas
 72057 | Vaults:4 | Killed Mennas
 72246 | Vaults:5 | Killed an ancient lich
 72292 | Abyss:3  | Found a corrupted altar of Lugonu.
 72292 | Abyss:3  | Cast into level 3 of the Abyss (a deep elf sorcerer)
 72296 | Vaults:5 | Escaped the Abyss
 72415 | Abyss:3  | Cast into level 3 of the Abyss (a deep elf sorcerer)
 72484 | Abyss:3  | Found a corrupted altar of Lugonu.
 72572 | Vaults:5 | Escaped the Abyss
 72683 | Vaults:5 | Found the +2 Maxwell's thermic engine {flame, freeze, rev}
 72835 | Vaults:5 | Identified the +0 pair of boots "Puge" {rF++ Str-5}
 72845 | Vaults:5 | Got a silver rune of Zot
 72873 | Vaults:5 | Bought a scroll of teleportation for 54 gold pieces
 72873 | Vaults:5 | Bought a scroll of teleportation for 54 gold pieces
 72873 | Vaults:5 | Bought a scroll of fear for 72 gold pieces
 72911 | Vaults:5 | Bought a scroll of teleportation for 39 gold pieces
 72911 | Vaults:5 | Bought a scroll of teleportation for 39 gold pieces
 73058 | Vaults:5 | Noticed an ancient lich
 73061 | Vaults:5 | Identified the +7 plate armour of Delueva {Will+ Int+2}
 73093 | Vaults:5 | Killed an ancient lich
 73484 | Vaults:5 | Identified the scarf of Sin {shadows, rElec Str+2 SInv}
 74326 | Pan      | Entered Pandemonium
 74563 | Pan      | Reached skill level 1 in Shields
 74935 | Pan      | Noticed Junaedde the pandemonium lord
 75003 | Pan      | Killed Junaedde the pandemonium lord
 75335 | Pan      | Reached skill level 23 in Shapeshifting
 75552 | Pan      | Reached skill level 5 in Shields
 75626 | Pan      | Noticed Fuuq the pandemonium lord
 75777 | Pan      | Gained mutation: You are weak. (Str -2) [a cacodemon]
 76399 | Pan      | Reached XP level 26. HP: 217/237 MP: 10/37
 76540 | Pan      | Got a demonic rune of Zot
 76667 | Pan      | Entered the realm of Mnoleg.
 76985 | Pan      | Noticed Mnoleg
 77275 | Pan      | Reached skill level 10 in Shields
 77768 | Pan      | Gained mutation: You have sharp toenails. [a shining eye]
 77775 | Pan      | Paralysed by a floating eye for 2 turns
 77776 | Pan      | HP: 14/355 [Mnoleg (5)]
 77776 | Pan      | Gained mutation: You are dopey. (Int -2) [Mnoleg's
                  | mutagenic touch]
 77776 | Pan      | Mangled by a large abomination

Illustrated notes

Levels and vault maps discovered:
D:1:      dpeg_arrival_arbitrary_a, layout_loops_corners,
          chequers_ecumenical_altar_island, minmay_misc_feat_hallway,
          minmay_pentomino_p4
D:2:      layout_loops_corners, uniq_terence
D:3:      layout_basic, nicolae_overflow_crystal_walls
D:4:      layout_rooms, old_standard_altar, mainiacjoe_overflow_small_starburst,
          mainiacjoe_overflow_24_doors
D:5:      layout_basic, mainiacjoe_overflow_catwalk, uniq_sigmund
D:6:      layout_basic, mainiacjoe_overflow_alcove_1, kennysheep_slug_shrine,
          mainiacjoe_overflow_alcove_2, kennysheep_little_box, st_stairs_11,
          nicolae_shop_national_dungeon_mall, uniq_grinder, uniq_edmund,
          uniq_blork_the_orc
D:7:      layout_gridville, nicolae_qazlal_scattered_showers,
          minmay_temple_entry_glassed_door, kennysheep_pointless_box,
          kennysheep_generic_room_9, uniq_pikel
D:8:      layout_basic, mainiacjoe_overflow_cross_hatched, serial_shops,
          nicolae_stop_n_shop_1, kennysheep_generic_room_8, uniq_psyche
D:9:      layout_roguey, david_orc_3
D:10:     layout_small_grid, mainiacjoe_overflow_surrounded_room,
          mainiacjoe_overflow_brackets, david_lair_shrubbed, minmay_nine_imps,
          uniq_joseph
D:11:     cheibrodos_lost_city_excavation, layout_stronghold
D:12:     layout_roguey, serial_co_window_serial, co_window_corner_a,
          co_window_paths_b, co_window_cross_1, co_window_paths_b,
          co_window_paths_a, co_window_corner_a, co_window_paths_a,
          co_window_of_opportunity_b, co_window_of_opportunity_c,
          co_window_corner_ca, co_window_paths_d, roderic_lattice_a,
          nicolae_looking_at_the_future
D:13:     layout_roguey, erik_vaults_2
D:14:     gammafunk_jiyva_shrine, layout_basic, hex_tiny, drop_trap,
          yredelemnul_forgotten_temple_becter
D:15:     gammafunk_depths_entry_grave, layout_cave_pools, dk_noncrumbling_2,
          nemelex_xobeh_ov_fountains_minmay
Temple:   jpeg_temple_island
Lair:1:   layout_misc_corridors, infiniplex_staircase_pool_2, uniq_harold
Lair:2:   layout_regular_city, minmay_snake_entry_spellcaster,
          ebering_ghost_funeral_grove, basic_altar, st_stairs_6, uniq_fannar,
          uniq_gastronok
Lair:3:   layout_loops_ring, minmay_shoals_entry_centaurs, lemuel_oklob_altar,
          grunt_megastairs_2, serial_bayou_shore_a
Lair:4:   layout_misc_corridors, slime_entry_1
Lair:5:   guppyfry_lair_end_dragon, layout_gridlike, wormcave
Shoals:1: layout_shoals, lightli_airlock
Shoals:2: nicolae_shoals_mermall, layout_shoals
Shoals:3: layout_shoals, portal_ice_cave_entry_ice_statue_two,
          nicolae_shoals_drake_roost
Shoals:4: shoals_end_grunt_ice, layout_shoals, nicolae_shoals_gull_way
Snake:1:  layout_onion, nicolae_snake_gridmaze_zigzag, uniq_aizul
Snake:2:  layout_misc_corridors, nicolae_alphabet_shops, st_stairs_1
Snake:3:  layout_gridlike, st_stairs_4, nicolae_fountain_basement
Snake:4:  hellmonk_snake_rune_quicksilver_temple, layout_cave_town
Slime:1:  layout_caves
Slime:2:  layout_caves, nicolae_slime_barrier
Slime:3:  layout_caves, basic_altar
Slime:4:  layout_caves, basic_altar
Slime:5:  slime_pit_nicolae_jellycorners
Orc:1:    layout_diamond_mine
Orc:2:    grunt_orc_cross, layout_caves, ebering_ghost_inner_flame,
          uniq_saint_roka, uniq_nessos, uniq_sonja
Elf:1:    layout_loops_cross, ebering_ghost_reflecting_pool,
          hangedman_elven_crosses_minicolossus
Elf:2:    elven_hall_of_blades_hangedman_original [nicolae_blade_bullseye],
          layout_rooms, serial_shops, shop, minmay_misc_feat_rows,
          minmay_checkered_concentric_circles
Elf:3:    minmay_elf_hall_quartered_circle, layout_geoelf_octagon, hex_medium,
          einodemon_barbed_minivault, uniq_asterion
Vaults:1: portal_desolation_entry_salt, vaults_mumra_minichess,
          nicolae_vaults_little_ls, nicolae_vaults_closet_pinwheel_5,
          nicolae_vaults_shipping_containers_4, dpeg_vaults_monster_box,
          layout_vaults_quadrants, serial_shops, shop
Vaults:2: dpeg_vaults_monster_row, hangedman_vaults_river_flow,
          vaults_dpeg_emergency_exit, nicolae_vaults_closet_pinwheel_2,
          vaults_room_ringed_pool, nicolae_vaults_closet_pinwheel_2, v_misc_18,
          nicolae_vaults_six-pack, nicolae_vaults_diamond_1,
          nicolae_vaults_trapezoid_lopsided_1, nicolae_vaults_quartermaster,
          v_misc_19, layout_vaults_ring, serial_shops, shop
Vaults:3: ontoclasm_vaults_fault, nicolae_vaults_tetromino_T_1,
          minmay_crypt_entry_necro_gods, nicolae_vaults_house_2,
          vaults_room_semicircle, nicolae_vaults_circle_grid_b,
          ontoclasm_vaults_decontamination, hangedman_vaults_trim,
          grunt_vaults_funnel, v_rooms_4, nicolae_vaults_tetromino_T_1,
          nicolae_vaults_storage_closets_1, layout_vaults_maze_bifur,
          serial_glass
Vaults:4: v_misc_28, nicolae_vaults_specimen_jars,
          nicolae_vaults_twisting_passages, nicolae_vaults_house_2,
          hangedman_vaults_capsules, nicolae_vaults_trapezoid_1,
          nicolae_vaults_surprise_closet, nicolae_vaults_more_shelving_1,
          nicolae_vaults_closet_pinwheel_4, layout_vaults_big_room, uniq_donald
Vaults:5: uniq_mennas
Crypt:1:  layout_rooms, serial_sigils_hangedman_etch, grunt_megastairs_1
Crypt:2:  layout_gridlike, grunt_megastairs_4, uniq_zenata
Crypt:3:  lightli_unholy_cathedral, layout_chaotic_city,
          nicolae_tomb_entry_unfolded_pyramid_orthogonal
Depths:1: layout_roguey, serial_shops, nicolae_shop_behind_doors,
          hangedman_coc_ice_floe, moated_statue, minivault_16,
          grunt_tower_of_power, minmay_shoptagon
Depths:2: minmay_mutant_horseshoe, layout_cave_pools, hell_entry,
          rand_demon_pan_entry_9, nrook_uturn, minmay_variable_closet,
          nicolae_concentric_dashed_squares_mild, nicolae_shop_clearance,
          serial_bayou_shore_b, uniq_bai_suzhen
Depths:3: kennysheep_treasure_stockpile, layout_long_grid, enter_ziggurat_e,
          xom_redecorated, hell_entry, abyss_entry, serial_bayou_shore_b
Depths:4: evilmike_zot_entry_argh, layout_basic, grunt_decor_junction,
          special_room [special_room_mythical_zoo], abyss_entry, hell_entry,
          columned_hall_lemuel, hangedman_abyss_or_decor_slice
Pan:      nicolae_pan_giant_door, layout_gridville, rand_demon_4, layout_basic,
          nicolae_pan_cerebovesque_3, nicolae_pan_double_arrow,
          layout_onion_city, pan_blood_fountain_2, pan_surprise,
          evilmike_mini_pan_T, layout_cellular_growth, lemuel_hellion_island,
          layout_gridlike, nicolae_pan_gloorx_vloqian_4, rand_demon_5,
          layout_gridlike, pan_blood_fountain_small, pan_disco_hall,
          layout_gridlike, mnoleg_grunt, layout_irregular_city

Skill      XL: |  1  2  3  4  5  6  7  8  9 10 11 12 13 14 15 16 17 18 19 20 21 22 23 24 25 26 |
---------------+-------------------------------------------------------------------------------+-----
Spellcasting   | 3 6 7 8 9 10 | 10.4
Ice Magic      | 5 6 7 |  7.2
Summonings     | 2 4 6 8 13 17 21 | 21.7
Unarmed Combat | 5 8 11 12 14 15 16 17 19 | 19.1
Shapeshifting  | 4 7 9 12 15 16 18 19 20 21 23 | 23.0
Fighting       | 2 6 9 10 11 14 17 19 | 19.6
Dodging        | 4 7 10 11 12 | 12.0
Stealth        | 2 5 |  5.2
Translocations | 5 8 |  8.8
Hexes          | 3 |  3.1
Shields        | 7 11 | 11.6

Action                     |  1- 3 |  4- 6 |  7- 9 | 10-12 | 13-15 | 16-18 | 19-21 | 22-24 | 25-27 || total
---------------------------+-------+-------+-------+-------+-------+-------+-------+-------+-------++-------
  Melee: Dagger            |    70 |   175 |   149 |       |       |       |       |       |       ||   394
         Tailslap          |     9 |    22 |    40 |    25 |   250 |   174 |   232 |   311 |   192 ||  1255
         Punch             |       |     2 |    12 |    21 |   123 |   105 |   163 |   217 |    54 ||   697
         Flail             |       |       |    84 |     4 |       |       |       |       |       ||    88
         Unarmed           |       |       |       |   523 |  1320 |   904 |  1437 |  1657 |   900 ||  6741
         Constrict         |       |       |       |    85 |       |       |       |       |       ||    85
         Bite              |       |       |       |       |    25 |   124 |   168 |   246 |    63 ||   626
   Cast: Freeze            |     4 |     5 |    36 |       |       |       |       |       |       ||    45
         Frozen Ramparts   |       |     4 |    17 |       |       |       |       |       |       ||    21
         Ozocubu's Armour  |       |     1 |       |       |       |       |       |       |       ||     1
         Summon Ice Beast  |       |       |    12 |    32 |       |     9 |       |       |       ||    53
         Manifold Assault  |       |       |       |       |       |       |   198 |   182 |    67 ||   447
         Monstrous Menager |       |       |       |       |       |       |     4 |       |     1 ||     5
         Summon Horrible T |       |       |       |       |       |       |       |    41 |    40 ||    81
         Summon Mana Viper |       |       |       |       |       |       |       |     1 |       ||     1
         Blink             |       |       |       |       |       |       |       |     1 |     2 ||     3
 Invoke: Potion Petition   |       |       |       |       |     3 |     1 |     1 |     2 |     2 ||     9
         Call Merchant     |       |       |       |       |       |       |       |       |     2 ||     2
  Evoke: Wand              |       |       |       |       |     9 |       |       |     5 |     2 ||    16
         Phial of floods   |       |       |       |       |       |     1 |       |       |       ||     1
    Use: Potion            |       |     3 |     3 |     9 |     3 |     2 |     3 |     3 |     6 ||    32
         Scroll            |       |       |    11 |     3 |     9 |     4 |     5 |     2 |    11 ||    45
   Stab: Sleeping          |     5 |     5 |     3 |     3 |     3 |     5 |    14 |    13 |     3 ||    54
         Distracted        |       |       |     1 |     3 |    10 |    11 |    12 |    27 |    23 ||    87
         Paralysed         |       |       |       |       |     1 |       |       |       |       ||     1
         Invisible         |       |       |       |       |     3 |       |     2 |       |       ||     5
 Armour: Skin              |    12 |    42 |   118 |    80 |   385 |   404 |   482 |   810 |   337 ||  2670
  Dodge: Dodged            |    36 |    77 |   241 |   309 |  1066 |   580 |   603 |   807 |   399 ||  4118
  Block: Kite shield       |       |       |       |       |       |       |       |       |   242 ||   242
   Form: Anaconda          |       |       |       |     3 |       |       |       |       |       ||     3
         Blade             |       |       |       |     2 |     1 |       |       |       |       ||     3
                           |       |       |       |     1 |     1 |     1 |     1 |     2 |       ||     6
         Dragon            |       |       |       |       |     1 |     1 |     1 |     2 |     2 ||     7
         Death             |       |       |       |       |       |       |       |       |     2 ||     2

Table legend: (Time is in decaauts)
 A = Elapsed time spent in this place.
 B = Non-inter-level travel time spent in this place.
 C = Inter-level travel time spent in this place.
 D = Time resting spent in this place.
 E = Time spent auto-exploring this place.
 F = Levels seen in this place.
 G = Mean time per level.
                   A        B        C        D        E       F      G
               +--------+--------+--------+--------+--------+-----+--------+
         Total |  75975 |  71526 |   4449 |  13889 |  39486 |  66 | 1151.1 |
       Dungeon |  19123 |  17785 |   1338 |   2595 |  11746 |  15 | 1274.9 |
        Temple |    130 |      5 |    125 |      0 |      0 |   1 |  130.0 |
          Lair |   8648 |   8085 |    563 |   1510 |   4498 |   5 | 1729.6 |
        Shoals |   5188 |   5032 |    156 |    469 |   3354 |   4 | 1297.0 |
     Snake Pit |   6334 |   6233 |    101 |   1625 |   3328 |   4 | 1583.5 |
    Slime Pits |   1757 |   1706 |     51 |    817 |    162 |   5 |  351.4 |
  Orcish Mines |   2291 |   2122 |    169 |    304 |   1169 |   2 | 1145.5 |
   Elven Halls |   5595 |   5403 |    192 |   1683 |   2294 |   3 | 1865.0 |
        Vaults |   9352 |   8412 |    940 |   1871 |   4516 |   5 | 1870.4 |
         Crypt |   4417 |   4241 |    176 |    645 |   2506 |   3 | 1472.3 |
        Depths |   7017 |   6384 |    633 |    628 |   4563 |   4 | 1754.2 |
         Abyss |   1637 |   1637 |      0 |     16 |    636 |   5 |  327.4 |
   Pandemonium |   3286 |   3286 |      0 |   1123 |    461 |   8 |  410.8 |
      Ice Cave |   1111 |   1111 |      0 |    598 |    251 |   1 | 1111.0 |
    Desolation |     84 |     84 |      0 |      0 |      2 |   1 |   84.0 |
               +--------+--------+--------+--------+--------+-----+--------+

Top non-repeatable levels by time:
Vaults:4: 2966 daAuts
 Snake:3: 2707 daAuts
   Elf:3: 2551 daAuts
  Lair:5: 2391 daAuts
Depths:3: 2227 daAuts
  Lair:2: 2165 daAuts
   Elf:2: 2093 daAuts
    D:14: 1989 daAuts
Vaults:2: 1897 daAuts
Depths:4: 1864 daAuts
    D:10: 1851 daAuts
 Snake:4: 1816 daAuts
 Crypt:3: 1742 daAuts
  Lair:3: 1737 daAuts
    D:12: 1702 daAuts
